 Dungeon Crawl Stone Soup version 0.31-a0-536-ga3e2962e35 (webtiles) character file.

Game seed: 5315503155722111355

442 Ethylacetat the Ducker (level 7, -6/46 HPs)
             Began as an Octopode Gladiator on Aug 13, 2023.
             Killed from afar by a steam dragon (24 damage)
             ... with a ball of steam
             ... on level 4 of the Dungeon.
             The game lasted 00:04:35 (3142 turns).

Ethylacetat the Ducker (Octopode Gladiator)         Turns: 3142, Time: 00:04:35

Health: -6/46      AC:  1    Str: 13    XL:     7   Next: 2%
Magic:  7/7        EV: 14    Int: 11    God:
Gold:   188        SH:  4    Dex: 15    Spells: 6/6 levels left

rFire   . . .        a - +0 long sword
rCold   . . .        k - +0 buckler
rNeg    . . .        b - +0 hat
rPois   .            v - amulet of regeneration
rElec   .            (no ring)
rCorr   .            (no ring)
SInv    .            (no ring)
Will    .....        (no ring)
Stlth   +++          (no ring)
HPRegen 1.07/turn    (no ring)
MPRegen 0.10/turn    (no ring)
                     (no ring)

%: no passive effects
@: no status effects
A: almost no armour, amphibious, 8 rings, camouflage 1, gelatinous body 1,
(nimble swimmer 1), tentacles
a: no special abilities


You were on level 4 of the Dungeon.
You visited 1 branch of the dungeon, and saw 4 of its levels.

You collected 188 gold pieces.

Inventory:

Hand Weapons
 a - a +0 long sword (weapon)
Missiles
 c - 3 throwing nets (quivered)
 d - a javelin
 r - 2 curare-tipped darts
Armour
 b - a +0 hat (worn)
 k - a +0 buckler (worn)
Jewellery
 v - an amulet of regeneration (around mantle)
Talismans
 j - a granite talisman
Scrolls
 f - a scroll of noise {unknown}
 g - 2 scrolls of fear {unknown}
 l - a scroll of revelation {unknown}
 m - a scroll of amnesia {unknown}
 n - a scroll of enchant armour {unknown}
 o - a scroll of enchant weapon {unknown}
 q - 4 scrolls of identify {unknown}
 s - a scroll of teleportation {unknown}
 u - a scroll of immolation {unknown}
Potions
 e - a potion of invisibility {unknown}
 h - a potion of might {unknown}
 i - 2 potions of curing {unknown}
 p - a potion of attraction {unknown}
 t - a potion of brilliance {unknown}


   Skills:
 + Level 3.5 Fighting
 - Level 3.9 Long Blades
 - Level 2.0 Throwing
 - Level 3.9 Dodging
 - Level 3.3 Stealth
 + Level 2.2 Shields
 * Level 2.8 Shapeshifting


You had 6 spell levels left.
You didn't know any spells.
Your spell library contained the following spells:

 Spells                   Type           Power      Damage    Failure   Level
 Blink                    Tloc           0%         N/A       58%         2
 Manifold Assault         Tloc           0%         N/A       99%         4


Dungeon Overview and Level Annotations

Branches:
Dungeon (4/15)
 Temple: D:4-7

Altars:
Cheibriados
Makhleb
Ru
Trog
The Shining One


Innate Abilities, Weirdness & Mutations

You cannot wear most types of armour.
You are amphibious.
You can wear up to eight rings at the same time.
Your skin changes colour to match your surroundings (Stealth+).
Your rubbery body absorbs attacks. (AC +1, EV +1)
((You are camouflaged when in or above water. (Stealth+)))
You have tentacles for arms and can constrict up to eight enemies at once.


Message History

Okay, then.
There is a stone staircase leading up here.
You now have 188 gold pieces (gained 16).
You see here a +0 long sword.
You see here a +0 long sword.
Found a club.
Found a stone staircase leading down.
A steam dragon comes into view.
Okay, then.
What are your orders? t - Shout!
Orders for allies: a - Attack new target. r - Retreat! s - Stop attacking. g - Guard the area. f - Follow me.
Anything else - Cancel.
You shout for attention!
What are your orders? t - Shout!
Orders for allies: a - Attack new target. r - Retreat! s - Stop attacking. g - Guard the area. f - Follow me.
Anything else - Cancel.
You shout for attention!
The steam dragon misses you. The steam dragon claws you.
You hit the steam dragon.
The steam dragon is lightly wounded.
The steam dragon breathes steam at you. The ball of steam hits you!
The steam dragon barely misses you. The steam dragon claws you.
Throw: 4 throwing nets
Press: ? - help, Q - select action, (/) - cycle Shift-Dir - straight line, f - steam dragon
Aim: a steam dragon (steam, lightly wounded, 57% to hit)
You throw a throwing net. The throwing net hits the steam dragon.
The steam dragon is caught in the net!
The steam dragon is lightly wounded.
You are engulfed in a cloud of scalding steam.
The steam dragon breathes steam at you. The ball of steam hits you!!
Ouch! That really hurt!
You die...

.## ....# ###
......##### #.#
......!D§§####### #.##
......##@##.....# #..#
....D #§#......# ##.##
.... #........# #..#
... ##........# ##.# ..
##.........# ##.. .
##.........## ###...
#..........# ###.....
##..........###†......
##.......(...##...#....


You could see a steam dragon (caught, catching breath).

Vanquished Creatures
  Sigmund (D:2)
  A hound (D:4)
  An orc priest (D:4)
  Jessica (D:2)
  8 gnolls
  3 adders
  2 worms (D:2)
  2 dart slugs
  4 orcs (D:4)
  3 endoplasms (D:2)
  5 giant cockroaches
  9 hobgoblins
  4 jackals (D:1)
  4 quokkas
  8 ball pythons
  12 bats
  4 frilled lizards
  4 goblins
  3 kobolds
  4 rats
83 creatures vanquished.

Notes
Turn   | Place    | Note
-------+----------+-------------------------------------------
     0 | D:1      | Ethylacetat the Octopode Gladiator began the quest for the
                  | Orb.
     0 | D:1      | Reached XP level 1. HP: 14/14 MP: 1/1
    67 | D:1      | Reached skill level 1 in Stealth
    67 | D:1      | Reached XP level 2. HP: 12/19 MP: 2/2
   442 | D:1      | Reached XP level 3. HP: 25/25 MP: 3/3
   883 | D:2      | Noticed Jessica
   892 | D:2      | Killed Jessica
   893 | D:2      | Reached XP level 4. HP: 24/30 MP: 4/4
  1268 | D:2      | Reached skill level 1 in Shapeshifting
  1760 | D:2      | Noticed Sigmund
  1766 | D:2      | Killed Sigmund
  1767 | D:2      | Reached skill level 1 in Shields
  1767 | D:2      | Reached XP level 5. HP: 28/36 MP: 5/5
  1767 | D:2      | Reached XP level 6. HP: 32/42 MP: 6/6
  2035 | D:3      | Found a sacrificial altar of Ru.
  2215 | D:3      | Found a snail-covered altar of Cheibriados.
  2559 | D:4      | Found a bloodstained altar of Trog.
  2684 | D:4      | Found a burning altar of Makhleb.
  2736 | D:4      | Found a glowing golden altar of the Shining One.
  2954 | D:4      | Reached XP level 7. HP: 32/46 MP: 7/7
  3106 | D:4      | Noticed a steam dragon
  3142 | D:4      | Killed from afar by a steam dragon

Illustrated notes

Levels and vault maps discovered:
D:1:      lemuel_arrival_funnel, layout_loops_cross, lemuel_flame_loot_1
D:2:      layout_basic, st_stairs_3, glass_columns_b, minmay_pentomino_z4,
          uniq_jessica, uniq_sigmund
D:3:      layout_loops_cross, mainiacjoe_overflow_alcove_1,
          general_overflow_altar, skrybe_limestone_x, kennysheep_generic_room_10
D:4:      layout_cave_pods, makhleb_heckhound_becter,
          mainiacjoe_overflow_catwalk, old_standard_altar,
          amethyst_overflow_temple_binary, st_stairs_7

Skill      XL: |  1  2  3  4  5  6 |
---------------+-------------------+-----
Stealth        | 1 2 3 |  3.3
Shapeshifting  | 2 |  2.8
Fighting       | 3 |  3.5
Shields        | 1 2 |  2.2
Long Blades    | |  3.9
Throwing       | |  2.0
Dodging        | |  3.9

Action                     |  1- 3 |  4- 6 |  7- 9 || total
---------------------------+-------+-------+-------++-------
  Melee: Long sword        |    56 |    97 |     3 ||   156
         Constrict         |    13 |    27 |     1 ||    41
         Tentacles         |     7 |    25 |       ||    32
         Punch             |       |     3 |       ||     3
  Throw: Throwing net      |       |       |     1 ||     1
   Stab: Sleeping          |     6 |    12 |       ||    18
 Armour: Skin              |     4 |     3 |       ||     7
  Dodge: Dodged            |    33 |    49 |     3 ||    85
  Block: Buckler           |       |    17 |       ||    17

Table legend: (Time is in decaauts)
 A = Elapsed time spent in this place.
 B = Non-inter-level travel time spent in this place.
 C = Inter-level travel time spent in this place.
 D = Time resting spent in this place.
 E = Time spent auto-exploring this place.
 F = Levels seen in this place.
 G = Mean time per level.
                   A        B        C        D        E       F      G
               +--------+--------+--------+--------+--------+-----+--------+
         Total |   3180 |   3068 |    112 |      0 |   2499 |   4 |  795.0 |
       Dungeon |   3180 |   3068 |    112 |      0 |   2499 |   4 |  795.0 |
               +--------+--------+--------+--------+--------+-----+--------+

Top non-repeatable levels by time:
     D:2: 1078 daAuts
     D:1: 815 daAuts
     D:3: 648 daAuts
     D:4: 637 daAuts
